Map: [ESL] Ghost River

Players

Clem

  • Race: Terran Terran
  • Spawn Location: 1:00

herO - Winner!

  • Race: Protoss Protoss
  • Spawn Location: 11:00

Event: ESL Spring 2024 Finals

VOD

Have the link to the VOD?

Description

Time

  • Played on: June 1, 2024, 2:43 p.m.
  • Length: 14:32

All games in this series

Show
View Real Time Build Order
Export as new Build Order

Clem Terran 

Build Orders:  

Get SALT Encoding   

  12  0:00  SCV  
  13  0:12  SCV  
  14  0:17  Supply Depot  
  14  0:24  SCV  
  15  0:38  SCV  
  15  0:39  Barracks  
  16  0:43  Refinery  
  16  0:50  SCV  
  16  0:52  Refinery  
  17  1:03  SCV  
  18  1:15  SCV  
  19  1:26  Reaper  
  19  1:27  Orbital Command  
  19  1:28  Supply Depot  
  20  1:39  Factory  
  20  1:52  SCV  
  21  1:59  Barracks Reactor  
  21  2:04  SCV  
  22  2:14  Command Center  
  22  2:17  SCV  
  22  2:22  Hellion  
  25  2:29  SCV  
  26  2:35  Reaper x2  
  26  2:36  Supply Depot  
  28  2:41  SCV  
  28  2:44  Hellion  
  31  2:51  Starport  
  31  2:57  SCV  
  32  3:05  Cyclone  
  34  3:07  Marine x2  
  34  3:09  SCV  
  37  3:21  SCV  
  37  3:26  Marine  
  39  3:27  Marine  
  39  3:29  Medivac  
  39  3:33  SCV  
  43  3:38  Factory Tech Lab  
  41  3:44  Marine  
  41  3:46  SCV  
  39  3:49  Orbital Command, Marine  
  39  3:54  Bunker  
  39  3:58  Siege Tank  
  39  3:59  SCV  
  39  4:02  Marine  
  44  4:04  Viking  
  44  4:08  Marine  
  47  4:11  SCV  
  48  4:17  Supply Depot  
  48  4:18  SCV  
  48  4:20  Marine  
  49  4:24  SCV  
  49  4:25  Marine  
  49  4:30  SCV  
  51  4:34  Siege Tank  
  51  4:38  SCV, Marine  
  54  4:42  SCV  
  54  4:43  Marine  
  54  4:46  Liberator  
  54  4:48  Supply Depot  
  54  4:50  Barracks  
  53  4:55  SCV, Bunker  
  53  4:56  Marine  
  53  4:57  SCV  
  53  4:59  Supply Depot  
  56  5:07  SCV  
  56  5:09  Siege Tank  
  56  5:10  Barracks  
  56  5:12  SCV  
  56  5:13  Marine  
  62  5:14  Marine  
  62  5:19  SCV  
  64  5:25  SCV  
  64  5:26  Supply Depot  
  65  5:30  Refinery  
  65  5:31  SCV, Marine  
  65  5:34  Starport Tech Lab  
  67  5:38  Engineering Bay  
  67  5:40  Marine  
  67  5:42  SCV  
  69  5:47  SCV, Refinery  
  70  5:50  Marine  
  70  5:56  Stimpack  
  71  5:58  Marauder  
  71  6:00  SCV  
  71  6:01  SCV  
  71  6:02  Starport Reactor  
  75  6:04  Combat Shield  
  75  6:08  Marine  
  75  6:11  Marauder  
  78  6:15  Factory Reactor  
  78  6:16  Marine  
  76  6:19  Supply Depot  
  76  6:22  Terran Infantry Weapons Level 1  
  76  6:24  Marauder  
  78  6:27  Marine  
  78  6:32  Marauder  
  81  6:37  Command Center  
  81  6:42  Supply Depot, Medivac  
  81  6:45  Medivac  
  81  6:46  Marine  
  86  6:48  Marine  
  86  6:51  Marauder  
  86  6:54  Marauder  
  91  6:58  Widow Mine x2  
  94  7:04  Supply Depot, Marine  
  95  7:09  Barracks  
  95  7:10  Marine  
  95  7:13  Bunker, Medivac  
  95  7:15  Marauder  
  79  7:17  Marauder  
  79  7:21  Liberator  
  79  7:23  Marine  
  79  7:26  Widow Mine  
  79  7:27  Widow Mine  
  84  7:33  SCV  
  84  7:36  Marauder  
  87  7:39  Marauder  
  87  7:43  Marine x2  
  82  7:44  SCV  
  82  7:49  SCV  
  80  7:51  Widow Mine  
  80  7:52  Widow Mine  
  80  7:57  Medivac  
  80  7:58  SCV, Marauder  
  86  8:02  Marauder  
  86  8:04  Orbital Command  
  87  8:06  Barracks Tech Lab  
  87  8:08  SCV  
  87  8:11  Marine x2  
  90  8:13  Widow Mine, Medivac  
  90  8:16  Concussive Shells  
  90  8:19  Widow Mine  
  96  8:20  Supply Depot  
  96  8:22  Orbital Command, Marauder  
  96  8:23  SCV  
  96  8:24  SCV  
  100  8:27  Marine  
  100  8:31  Supply Depot  
  100  8:32  Terran Infantry Armor Level 1  
  99  8:34  Marauder  
  99  8:35  SCV  
  99  8:36  SCV  
  103  8:41  Widow Mine  
  103  8:43  Viking  
  103  8:45  Marine x2  
  103  8:47  SCV x2  
  111  8:48  SCV  
  111  8:51  Supply Depot  
  111  8:55  Marauder x2  
  116  8:59  Liberator  
  116  9:00  SCV  
  116  9:02  SCV x2  
  122  9:07  Ghost Academy  
  122  9:09  Marine  
  123  9:13  SCV  
  123  9:14  SCV x2  
  123  9:16  Widow Mine x2  
  123  9:17  Marine  
  130  9:21  Marauder  
  130  9:22  Marauder  
  133  9:26  Liberator  
  133  9:27  Marauder  
  133  9:30  Marine  
  124  9:32  Orbital Command  
  124  9:34  Marine  
  102  9:42  Marine, Medivac  
  102  9:43  Marine  
  102  9:45  Widow Mine  
  100  9:48  Marine  
  100  9:49  Marauder  
  100  9:52  Marine  
  93  9:57  Orbital Command, Widow Mine  
  91  10:00  Marauder  
  91  10:01  Marine  
  94  10:07  Marine  
  94  10:09  Ghost, Barracks  
  94  10:10  Marine  
  98  10:16  Liberator, Widow Mine  
  98  10:20  Marauder  
  102  10:22  Marauder  
  94  10:29  Marine  
  94  10:32  Widow Mine  
  94  10:33  SCV  
  96  10:35  Marine  
  96  10:37  Liberator  
  96  10:38  SCV  
  96  10:39  SCV, Marauder  
  102  10:43  Ghost  
  104  10:50  SCV x2  
  104  10:51  SCV  
  106  11:02  SCV  
  106  11:03  SCV  
  106  11:04  SCV  
  107  11:05  Marine x2, Widow Mine x2  
  107  11:08  Marauder x2  
  107  11:09  Barracks Reactor  
  117  11:14  SCV, Marauder  
  118  11:24  Supply Depot  
  117  11:26  Widow Mine x2  
  117  11:30  Marauder x2  
  120  11:34  Marine  
  120  11:36  Marauder  
  120  11:37  Marine  
  113  11:41  SCV  
  95  11:48  Widow Mine  
  95  11:50  Medivac  
  95  11:51  Marine, Marauder x2  
  95  11:52  Marine, Widow Mine  
  107  11:55  Marine  
  107  11:57  Marauder  
  95  12:08  Marine, Medivac  
  86  12:12  Marine, Marauder  
  86  12:13  Marauder  
  86  12:14  Marine  
  93  12:19  Marauder  
  93  12:21  Orbital Command, SCV  
  93  12:22  SCV  
  97  12:24  Marine  
  97  12:29  Marine  
  96  12:33  Marine  
  96  12:34  SCV, Marauder x2  
  102  12:38  SCV, Marine  
  104  12:45  Ghost  
  104  12:48  SCV  
  104  12:50  SCV  
  108  12:51  SCV  
  108  12:54  Marine x2  
  108  12:55  Marine  
  108  12:57  Marine  
  113  13:00  Medivac  
  113  13:03  Orbital Command, Marine, Widow Mine  
  113  13:05  Marine  
  101  13:08  Medivac  
  101  13:09  Widow Mine  
  101  13:12  Marine x2  
  90  13:15  Marauder  
  90  13:16  Marine  
  90  13:17  Marine  
  90  13:21  Marine  
  90  13:24  Widow Mine  
  90  13:25  Marine  
  85  13:30  Marine x2, Widow Mine  
  79  13:38  Marine  
  70  13:42  Marine  
  70  13:43  Marauder  
  70  13:46  Marine  
  68  13:51  Marine  
  68  13:52  Marine x2  
  69  13:56  Marine  
  69  13:57  Orbital Command  
  69  14:02  Marine  
  63  14:12  Marine  
Show
View Real Time Build Order
Export as new Build Order

herO Protoss - Winner!

Build Orders: 1 Gate Expand, Zealot Archon 

Get SALT Encoding   

  12  0:00  Probe  
  13  0:12  Probe  
  14  0:17  Pylon  
  14  0:24  Probe (Chrono Boost)  
  16  0:36  Gateway, Probe (Chrono Boost)  
  16  0:43  Probe (Chrono Boost)  
  16  0:46  Assimilator  
  17  0:50  Probe  
  18  1:03  Probe  
  19  1:16  Nexus  
  19  1:26  Cybernetics Core  
  19  1:28  Probe  
  20  1:34  Assimilator  
  20  1:40  Probe  
  20  1:44  Pylon  
  21  1:52  Probe  
  22  1:59  Stalker (Chrono Boost)  
  22  2:03  Warp Gate  
  22  2:04  Probe  
  25  2:16  Probe (Chrono Boost)  
  25  2:22  Adept  
  28  2:23  Robotics Facility  
  28  2:29  Probe (Chrono Boost)  
  30  2:31  Probe (Chrono Boost)  
  31  2:38  Probe (Chrono Boost)  
  31  2:39  Probe (Chrono Boost)  
  33  2:44  Probe x2 (Chrono Boost)  
  33  2:45  Shield Battery  
  34  2:52  Stalker  
  34  2:56  Probe x2  
  38  3:05  Gateway  
  38  3:08  Probe x2  
  38  3:10  Observer (Chrono Boost)  
  41  3:16  Pylon  
  41  3:20  Probe x2  
  41  3:21  Observer (Chrono Boost)  
  41  3:27  Shield Battery  
  39  3:48  Probe (Chrono Boost)  
  38  3:51  Probe (Chrono Boost)  
  37  3:56  Assimilator  
  37  3:57  Assimilator  
  37  3:59  Probe (Chrono Boost)  
  39  4:03  Twilight Council, Probe (Chrono Boost)  
  39  4:04  Forge, Probe (Chrono Boost), Immortal  
  39  4:08  Pylon  
  44  4:11  Probe  
  44  4:14  Probe  
  46  4:17  Stalker  
  46  4:20  Stalker  
  50  4:27  Probe  
  50  4:28  Probe  
  52  4:31  Pylon  
  52  4:40  Probe x2  
  48  4:46  Observer  
  48  4:48  Charge  
  48  4:50  Protoss Ground Armor Level 1 (Chrono Boost)  
  48  4:52  Probe (Chrono Boost)  
  50  4:58  Probe (Chrono Boost)  
  50  4:59  Warp Prism  
  50  5:01  Probe (Chrono Boost)  
  50  5:05  Probe (Chrono Boost)  
  50  5:06  Probe (Chrono Boost)  
  53  5:12  Templar Archives  
  54  5:16  Probe  
  54  5:18  Probe  
  56  5:28  Probe  
  56  5:30  Probe  
  56  5:35  Gateway, Observer  
  57  5:37  Gateway  
  57  5:38  Gateway  
  57  5:42  Probe, Psionic Storm  
  59  5:48  High Templar x2  
  63  5:54  Probe  
  63  5:55  Probe  
  64  6:05  Pylon  
  64  6:14  Gateway  
  64  6:17  Gateway, Probe x2  
  64  6:22  Gateway, High Templar  
  64  6:23  Zealot  
  68  6:29  Shield Battery  
  68  6:32  Pylon  
  68  6:33  Zealot, High Templar  
  68  6:39  Zealot  
  74  6:43  Zealot  
  76  6:52  Pylon  
  76  6:54  Protoss Ground Weapons Level 1 (Chrono Boost)  
  76  7:00  Zealot x3  
  80  7:05  Immortal  
  84  7:13  Observer  
  80  7:20  Zealot x4, High Templar x2  
  92  7:25  Archon, Probe  
  92  7:29  Pylon  
  93  7:33  Pylon  
  85  7:45  Warp Prism (Chrono Boost), Observer  
  69  7:55  Nexus  
  69  7:58  High Templar x3  
  69  8:01  Shield Battery  
  69  8:05  Zealot  
  77  8:07  Zealot  
  77  8:11  Zealot x2, Sentry  
  83  8:18  Probe x2  
  85  8:24  Warp Prism (Chrono Boost)  
  85  8:35  High Templar  
  85  8:36  Zealot x2  
  85  8:40  High Templar  
  85  8:41  Zealot  
  95  8:44  Zealot  
  97  8:51  Zealot x2  
  101  9:02  High Templar  
  101  9:09  Stalker x3, Zealot  
  111  9:11  Zealot  
  111  9:30  Archon  
  97  9:31  Archon  
  97  9:32  Stalker x2  
  97  9:33  Zealot x4  
  97  9:38  Zealot  
  74  10:00  Probe x2  
  74  10:01  High Templar x3  
  74  10:02  Zealot x4  
  74  10:04  Zealot  
  74  10:05  Archon  
  74  10:06  Archon  
  88  10:22  Zealot x4  
  78  10:30  Probe x2  
  78  10:31  Probe  
  75  10:39  High Templar x3  
  75  10:40  Zealot  
  83  10:43  Zealot x3  
  83  10:45  Zealot  
  91  10:52  Assimilator  
  91  10:54  Assimilator  
  91  10:59  Sentry  
  91  11:00  Zealot x3  
  99  11:04  Zealot, High Templar  
  103  11:23  Zealot x4  
  103  11:24  Zealot x3  
  79  11:46  Archon  
  62  11:47  Stalker x4  
  62  11:48  Stalker x2  
  62  11:53  Archon  
  69  12:06  Warp Prism (Chrono Boost)  
  67  12:11  Stalker x2  
  73  12:20  High Templar x2  
  73  12:21  High Templar  
  75  12:25  Zealot x2  
  79  12:30  Sentry  
  79  12:35  Zealot  
  83  12:37  Zealot  
  85  12:46  Zealot  
  85  12:47  Zealot  
  73  13:06  Zealot, Archon  
  73  13:07  Zealot x4  
  73  13:08  Zealot x2  
  69  13:27  Zealot x6  
  71  13:40  Zealot x2  
  71  13:47  Zealot x2  
  71  13:48  Zealot x3  
  69  13:51  Zealot  
  63  14:09  Zealot x4  
  71  14:10  Zealot  
  71  14:16  Zealot x2  
  75  14:19  Zealot  
Tags
 
Add a new tag
Caveats
  • Supply blocks, unpowered buildings, or Contaminate may cause inaccurate times.
  • Supply counts are checked every 10 seconds.